 Dungeon Crawl Stone Soup version 0.26.0-10-g1f06aea511 (webtiles) character file.

Game seed: 14643396090012134495

2034 shitwizard the Cleaver (level 9, -2/69 HPs)
             Began as a Demonspawn Chaos Knight on Jan 24, 2021.
             Was a Plaything of Xom.
             Killed by divine providence
             ... invoked by an orc priest
              (11 damage)
             ... on level 7 of the Dungeon.
             The game lasted 00:16:26 (7094 turns).

shitwizard the Cleaver (Demonspawn Chaos Knight)    Turns: 7094, Time: 00:16:27

Health: -2/69      AC:  7    Str: 20    XL:     9   Next: 3%
Magic:  9/9        EV: 11    Int: 16    God:    Xom [......]
Gold:   267        SH:  5    Dex: 14    Spells: 8/8 levels left

rFire    + . .     SeeInvis .   a - +3 hand axe (chaos)
rCold    . . .     Faith    .   (no shield)
rNeg     . . .     Spirit   .   b - +3 leather armour
rPois    .         Reflect  +   t - +0 helmet
rElec    .         Harm     .   (no cloak)
rCorr    .         Rampage  .   (no gloves)
Will     +....                  (no boots)
Stlth    +.........             m - amulet of reflection
HPRegen  0.21/turn              v - +6 ring of strength
MPRegen  0.11/turn              i - ring of willpower

@: about to teleport
A: talons 2, fire resistance 1, powered by pain 1, robust 1, strong 1, wild
magic 1
a: Renounce Religion


You were on level 7 of the Dungeon.
You worshipped Xom.
You were a very special plaything of Xom.
You visited 1 branch of the dungeon, and saw 7 of its levels.
You also visited: Ossuary.

You collected 267 gold pieces.

Inventory:

Hand Weapons
 a - a +3 hand axe of chaos (weapon)
Missiles
 h - 38 poisoned darts (quivered)
 o - 162 stones
Armour
 b - a +3 leather armour (worn)
 q - a +1 ring mail of positive energy
 t - a +0 helmet (worn)
Jewellery
 i - a ring of willpower (right hand)
 m - an amulet of reflection (around neck)
 r - an uncursed ring of positive energy
 v - a +6 ring of strength (left hand)
 y - a cursed amulet of inaccuracy {unknown}
 E - a +6 ring of strength
Scrolls
 c - 3 scrolls of teleportation
 d - a scroll of immolation {unknown}
 e - 2 scrolls of fog
 f - 3 scrolls of amnesia
 g - 4 scrolls of remove curse
 j - 2 scrolls of enchant armour
 k - 2 scrolls of magic mapping
 p - a scroll of noise {unknown}
 x - a scroll of random uselessness {unknown}
 A - a scroll of fear {unknown}
 B - 3 scrolls of identify
 C - a scroll of blinking {unknown}
Potions
 l - 2 potions of might
 n - a potion of curing
 u - 4 potions of brilliance
 w - a potion of attraction {unknown}
 z - a potion of lignification
 D - 3 potions of flight


   Skills:
 - Level 3.1 Fighting
 + Level 10.9 Axes
 - Level 1.8 Armour
 - Level 0.9 Dodging
 - Level 0.2 Stealth
 - Level 1.3 Shields


You had 8 spell levels left.
You didn't know any spells.
Your spell library was empty.

Dungeon Overview and Level Annotations

Branches:
Dungeon (7/15)            Ossuary (visited)
 Temple: D:4-7

Altars:
Cheibriados
Elyvilon
Fedhas
Gozag
Hepliaklqana
Nemelex Xobeh
Qazlal
Sif Muna


Innate Abilities, Weirdness & Mutations

You have razor-sharp toenails.
Your flesh is heat resistant. (rF+)
You sometimes gain a little power by taking damage.
You are robust. (+10% HP)
Your muscles are strong. (Str +2)
Your spells are a little harder to cast, but a little more powerful.


Message History

Beogh smites you!
The centaur shoots an arrow.
The arrow barely misses you. The orc priest closely misses you.
Okay, then.
As you read the scroll of teleportation, it crumbles to dust.
You feel strangely unstable.
The centaur is no longer moving slowly.
The centaur shoots an arrow.
The arrow barely misses you.
You barely miss the orc priest. Your kick misses the orc priest.
The orc priest is moderately wounded.
The orc priest hits you with a +0 club.
The centaur shoots an arrow.
The arrow hits you!
* * * LOW HITPOINT WARNING * * *
You hit the orc priest.
The orc priest is heavily wounded.
You feel sick.
You are no longer poisoned.
The centaur shoots an arrow.
The arrow hits you but does no damage.
The orc priest mumbles some strange prayers to Beogh against you.
Beogh smites you!
You die...
Xom guffaws! ## .. .#####################.. ...ohoo@.....(c(((c...). .#####################). .. .. .. .# c# .#

You could see a centaur, a hound, 2 orc priests and an orc.

Vanquished Creatures
  Pikel (D:5)
  A steam dragon (D:7)
  An ice beast (D:7)
  An ogre (D:6)
  3 centaurs
  A big kobold (D:7)
  3 water moccasin zombies (Ossuary)
  A scorpion (D:7)
  5 killer bees (D:7)
  4 wights (D:6)
  A bullfrog zombie (D:5)
  A bullfrog skeleton (D:6)
  An iguana (D:4)
  A worker ant (D:4)
  A big kobold zombie (Ossuary)
  2 hound skeletons
  2 howler monkey zombies (D:5)
  3 mummies
  6 adders
  A shadow imp (D:6)
  An ufetubus (D:5)
  5 adder zombies (Ossuary)
  4 worms
  A dart slug (D:2)
  3 leopard geckos (D:1)
  10 orcs
  A ball python (D:1)
  5 giant cockroaches
  3 gnoll zombies (Ossuary)
  4 hobgoblins
  A quokka (D:2)
  9 bats
  7 frilled lizards
  A giant cockroach zombie (D:5)
  7 goblins
  A goblin zombie (D:4)
  8 hobgoblin zombies (Ossuary)
  A jackal zombie (D:5)
  12 kobolds
  4 kobold zombies (Ossuary)
  A leopard gecko zombie (D:6)
  3 orc zombies
  10 rats
142 creatures vanquished.

Vanquished Creatures (collateral kills)
  2 lemures (D:5)
  A leopard gecko (D:5)
  A quokka skeleton (D:5)
4 creatures vanquished.

Vanquished Creatures (others)
  2 withered plants (D:5)
2 creatures vanquished.

Grand Total: 148 creatures vanquished

Notes
Turn   | Place    | Note
-------+----------+-------------------------------------------
     0 | D:1      | shitwizard the Demonspawn Chaos Knight began the quest for
                  | the Orb.
     0 | D:1      | Reached XP level 1. HP: 18/18 MP: 1/1
   217 | D:1      | Reached skill level 3 in Axes
   217 | D:1      | Gained mutation: You have sharp toenails. [demonic
                  | ancestry]
   217 | D:1      | Reached XP level 2. HP: 22/24 MP: 2/2
   264 | D:1      | Found a sparkling altar of Nemelex Xobeh.
   265 | D:1      | XOM: silly message
   520 | D:1      | XOM: divination: magic mapping
   619 | D:1      | XOM: silly message
   862 | D:1      | Gained mutation: You sometimes gain a little power by
                  | taking damage. [demonic ancestry]
   862 | D:1      | Reached XP level 3. HP: 25/29 MP: 3/3
   974 | D:1      | XOM: silly message
  1400 | D:2      | Found a hazy altar of Hepliaklqana.
  1411 | D:2      | Found a shimmering blue altar of Sif Muna.
  1554 | D:2      | You fall into a shaft and drop 1 floor!
  1564 | D:3      | Reached skill level 4 in Axes
  1621 | D:3      | Reached XP level 4. HP: 20/35 MP: 4/4
  2168 | D:3      | XOM: silly message
  2410 | D:3      | XOM: silly message
  2554 | D:2      | Found an opulent altar of Gozag.
  2741 | D:2      | XOM: silly message
  2791 | D:2      | Found a faded altar of an unknown god.
  2997 | D:4      | Reached skill level 5 in Axes
  3096 | D:4      | XOM: smoke on damage
  3100 | D:4      | XOM: silly message
  3106 | D:4      | Gained mutation: Your flesh is heat resistant. (rF+)
                  | [demonic ancestry]
  3106 | D:4      | Reached XP level 5. HP: 36/41 MP: 5/5
  3251 | D:4      | Found a sand-covered staircase.
  3261 | Ossuary  | Entered an ossuary
  3328 | Ossuary  | XOM: silly message
  3591 | Ossuary  | XOM: torment (22/41 hp)
  3616 | Ossuary  | Gained mutation: Your muscles are strong. (Str +2) [potion
                  | of mutation]
  3616 | Ossuary  | Gained mutation: You are robust. (+10% HP) [potion of
                  | mutation]
  3616 | Ossuary  | Gained mutation: Your spells are a little harder to cast,
                  | but a little more powerful. [potion of mutation]
  3625 | Ossuary  | Reached skill level 6 in Axes
  3625 | Ossuary  | XOM: confusion
  3638 | Ossuary  | Gained mutation: You have razor-sharp toenails. [demonic
                  | ancestry]
  3638 | Ossuary  | Reached XP level 6. HP: 16/51 MP: 6/6
  3638 | Ossuary  | XOM: summons 4 hostile demons
  3648 | Ossuary  | Noticed a ynoxinul
  3648 | Ossuary  | a crimson imp changed into a ynoxinul
  4223 | D:4      | Found a snail-covered altar of Cheibriados.
  4327 | D:5      | Entered Level 5 of the Dungeon
  4768 | D:5      | Noticed Pikel
  4771 | D:5      | XOM: summons 6 friendly demons
  4775 | D:5      | Reached skill level 7 in Axes
  4782 | D:5      | Killed Pikel
  4783 | D:5      | Reached skill level 8 in Axes
  4783 | D:5      | Reached skill level 1 in Shields
  4783 | D:5      | Reached XP level 7. HP: 16/57 MP: 7/7
  4925 | D:5      | XOM: summons 2 hostile demons
  5006 | D:5      | XOM: 1-stop teleportation journey
  5198 | D:5      | XOM: stat loss: -1 Int (14/15)
  5286 | D:5      | Found a white marble altar of Elyvilon.
  5798 | D:6      | Reached XP level 8. HP: 63/63 MP: 8/8
  6064 | D:6      | Reached skill level 9 in Axes
  6599 | D:6      | Found a stormy altar of Qazlal.
  6762 | D:6      | Found a blossoming altar of Fedhas.
  6778 | D:6      | XOM: noise
  6818 | D:7      | XOM: confuse monster(s)
  6953 | D:7      | XOM: cloud trail
  6994 | D:7      | XOM: silly message
  6999 | D:7      | XOM: 2-stop teleportation journey
  7019 | D:7      | Reached skill level 10 in Axes
  7026 | D:7      | XOM: noise
  7041 | D:7      | XOM: draining
  7056 | D:7      | XOM: 1-stop teleportation journey
  7060 | D:7      | XOM: noise
  7065 | D:7      | Reached XP level 9. HP: 20/69 MP: 9/9
  7079 | D:7      | XOM: confusion
  7089 | D:7      | XOM: torment (12/69 hp)
  7094 | D:7      | Killed from afar by an orc priest

Illustrated notes

Levels and vault maps discovered:
D:1:      ebering_hopf_link, layout_basic, nemelex_xobeh_ov_fountains_minmay
D:2:      layout_basic, lemuel_crystal_altar, minitemple,
          chequers_ecumenical_altar_island
D:3:      layout_loops_ring
D:4:      layout_rooms, kennysheep_little_box, nicolae_ossuary_entry_giza
D:5:      layout_layer_cave, elyvilon_altar_1, serial_undead, serial_undead_f,
          serial_undead_c, serial_undead_c, serial_undead_f, uniq_pikel
D:6:      layout_loops_corners, fedhas_altar_4, lemuel_round_altar
D:7:      layout_rooms, grunt_dithmenos_smoke, minmay_temple_entry_large_hall,
          minmay_misc_feat_alley, uniq_menkaure

Skill      XL: |  1  2  3  4  5  6  7  8 |
---------------+-------------------------+-----
Axes           | 3 4 5 6 8 10 | 10.9
Shields        | 1 |  1.3
Fighting       | |  3.1
Armour         | |  1.8
Dodging        | |  0.9
Stealth        | |  0.2

Action                   |  1- 3 |  4- 6 |  7- 9 || total
-------------------------+-------+-------+-------++-------
Melee: Hand axe          |   124 |   194 |   131 ||   449
       Kick              |    14 |    46 |    40 ||   100
  Use: Scroll            |     7 |     6 |     1 ||    14
       Potion            |       |    10 |     4 ||    14
 Stab: Paralysed         |     1 |     3 |     3 ||     7
       Sleeping          |     1 |     4 |     1 ||     6
       Petrifying        |       |     2 |       ||     2
       Invisible         |       |     5 |       ||     5
       Distracted        |       |     1 |       ||     1
Armor: Leather armour    |    57 |    53 |    37 ||   147
       Skin              |       |    16 |       ||    16
Dodge: Dodged            |    91 |   104 |    64 ||   259
Block: Other             |       |    15 |    21 ||    36
       Reflection        |       |       |     2 ||     2
